 Dungeon Crawl Stone Soup version 0.18-a0-801-gb01a236 (webtiles) character file.

17700 Meksivik the Blocker (level 12, -4/76 HPs)
             Began as a Gargoyle Fighter on Dec 13, 2015.
             Slain by a salamander
             ... wielding a +4 halberd
              (9 damage)
             ... on level 1 of the Snake Pit on Dec 14, 2015.
             The game lasted 01:03:49 (11511 turns).

Meksivik the Blocker (Gargoyle Fighter)            Turns: 11511, Time: 01:03:49

Health: -4/76      AC: 32    Str: 26    XL:     12   Next: 50%
Magic:  12/12      EV:  6    Int: 21    God:
Gold:   704        SH: 13    Dex: 10    Spells: 0 memorised, 11 levels left

rFire  . . .     SeeInvis .     K - +7 demon trident (venom)
rCold  x . .     Clarity  .     T - +2 plate armour {rPois}
rNeg   + . .     SustAt   .     U - +0 shield
rPois  ∞         Gourm    .     Q - +2 hat
rElec  +         Spirit   .     (no cloak)
rCorr  .         Dismiss  .     w - +2 pair of gloves of the Kettle-Drum {rC- MR+ Int+7 Slay+2}
rMut   .         Stasis   .     L - +0 pair of boots
MR     +....                    (no amulet)
Stlth  ..........               p - +3 ring of intelligence
                                e - +4 ring of strength

@: slowed, constricted, very slow, somewhat resistant to hostile enchantments,
extremely unstealthy
A: negative energy resistance 1, electricity resistance, unbreathing,
petrification resistance, rot immunity, AC +8
a: no special abilities


You were on level 1 of the Snake Pit.
You were not hungry.

You visited 3 branches of the dungeon, and saw 15 of its levels.
You also visited: Sewer.

You collected 704 gold pieces.

Inventory:

Hand Weapons
 l - a +8 antimagic hand axe
 K - a +7 demon trident of venom (weapon)
Armour
 w - the +2 pair of gloves of the Kettle-Drum (worn) {rC- MR+ Int+7 Slay+2}
   (You acquired it on level 7 of the Dungeon)

   It affects your intelligence (+7).
   It affects your accuracy and damage with ranged weapons and melee attacks
   (+2).
   It makes you vulnerable to cold.
   It affects your resistance to hostile enchantments.
 L - a +0 pair of boots (worn)
 Q - a +2 hat (worn)
 T - a +2 plate armour of poison resistance (worn)
 U - a +0 shield (worn)
Jewellery
 e - a +4 ring of strength (left hand)
 p - a +3 ring of intelligence (right hand)
Wands
 u - a wand of teleportation (4)
 D - a wand of draining (11)
 H - a wand of teleportation (5)
 J - a wand of digging (11)
 O - a wand of digging (10)
Scrolls
 g - 5 scrolls of remove curse
 v - 2 scrolls of teleportation
 y - a scroll of blinking
 z - a scroll of amnesia
 G - 2 scrolls of fog
 M - 2 scrolls of identify
 N - a scroll of magic mapping
 S - a scroll of acquirement
Potions
 d - 3 potions of might
 f - 2 potions of magic
 h - a potion of heal wounds
 i - 5 potions of curing
 k - 2 potions of agility {unknown}
 m - 7 potions of flight
 n - a potion of mutation {unknown}
 o - 3 potions of brilliance
 r - a potion of haste
 t - a potion of berserk rage {unknown}
 x - 2 potions of lignification {unknown}
 A - 2 potions of resistance {unknown}
Books
 I - a book of Enchantments

   Spells                             Type                      Level
   a - Cause Fear                     Hexes                        4
   b - Yara's Violent Unravelling     Hexes/Transmutation          5
   c - Silence                        Hexes/Air                    5
   d - Deflect Missiles               Charms/Air                   6
   e - Haste                          Charms                       6
   f - Discord                        Hexes                        8
Comestibles
 a - a royal jelly
 j - 17 fruits
 q - 7 bread rations
 E - 5 slices of pizza


   Skills:
 + Level 9.6 Fighting
 + Level 8.8(9.0) Axes
   Level 2.4(6.5) Maces & Flails
 + Level 10.7 Armour
 * Level 6.1 Dodging
 + Level 1.6 Stealth
 + Level 11.6 Shields


You had 11 spell levels left.
You didn't know any spells.

Dungeon Overview and Level Annotations

Branches:
Dungeon (11/15)              Lair (4/8) D:11          Snake (1/4) Lair:4
 Temple: D:4-7        Swamp: Lair:3-6    Shoals: Lair:3-6       Orc: D:9-12

Altars:
Gozag
Okawaru
Ru
Vehumet

Shops:
D:5 *


Innate Abilities, Weirdness & Mutations

You are resistant to torment.
Your stone body is resilient (AC +8).
You are immune to poison.
You resist negative energy.
You are resistant to electric shocks.
You can survive without breathing.
You are immune to petrification.
You are immune to rotting.


Message History

The guardian serpent coils itself and waves its upper body at you.
The bolt of poison hits you! You resist. The naga warrior spits poison at you.
The splash of poison hits you! You resist. You block the salamander's attack.
The naga warrior hits you with a war axe of electrocution.
The naga warrior constricts you. The guardian serpent barely misses you.
The naga warrior hits you with a mace!
* * * LOW HITPOINT WARNING * * *
You impale the guardian serpent!!
The guardian serpent is almost dead.
You block the guardian serpent's attack.
You block the salamander's attack. The naga warrior spits poison at you.
The splash of poison hits you! You resist. The naga warrior constricts you.
The guardian serpent hits you!
* * * LOW HITPOINT WARNING * * *
The naga warrior hits you but does no damage.
You block the naga warrior's attack. The naga warrior constricts you.
The salamander hits you with an enchanted halberd!
You die...

#..#.##...#.....
####### #...#...#....#
#...... #.......#...##
....... ##..#...#...#
.\.....## #..#...#...#
........###..#.......#
###......#...#.
###N#N###..# .#
#...@S..#...#
#.....N..##...#
#.......##......
####..... ....###
#..######### ##. ##


You could see 2 naga warriors, a salamander and a guardian serpent.

Vanquished Creatures
  Gastronok (Lair:2)
  Donald (Snake:1)
  The ghost of platinum the Whirler, a journeyman HaHu of Fedhas (D:11)
  The ghost of GeneralIdiocy the Covert, a journeyman VSAs of Dithmenos (D:11)
  An unseen horror (D:10)
  A hill giant (D:10)
  Pikel (D:5)
  A salamander (Snake:1)
  A naga mage (Snake:1)
  3 black mambas
  2 komodo dragons
  A spiny frog (Lair:2)
  A troll (D:10)
  3 blink frogs (Lair:2)
  Sigmund (D:6)
  2 wyverns
  6 yaks (Lair:2)
  3 basilisks
  2 hippogriffs
  A hungry ghost (D:10)
  2 removed MONS_DEEP_ELF_FIGHTERs
  3 nagas (Lair:4)
  5 porcupines
  5 sky beasts
  4 water moccasins
  A phantom (D:6)
  2 necrophages
  2 ice beasts
  2 centaurs
  5 ogres
  2 orc warriors
  4 slaves (D:5)
  5 crocodiles
  Blork the orc (D:5)
  3 big kobolds
  2 gnoll sergeants (D:9)
  5 giant frogs
  A scorpion (D:8)
  14 killer bees
  7 wights
  5 crimson imps
  2 jellies
  Crazy Yiuf (D:3)
  A giant frog skeleton (D:9)
  4 orc priests
  2 centaur skeletons (D:7)
  A giant frog zombie (D:9)
  Terence (D:2)
  8 orc wizards
  Ijyb (D:2)
  8 iguanas
  11 worker ants
  A hound zombie (D:9)
  14 gnolls
  11 adders
  10 river rats
  An ooze (D:3)
  A worm (D:2)
  5 giant geckos
  27 orcs
  7 ball pythons
  2 giant cockroaches (D:2)
  6 goblins
  10 hobgoblins
  5 jackals
  25 kobolds
  5 quokkas
  26 bats
  8 giant newts
  A jackal skeleton (D:8)
  A quokka skeleton (D:9)
  22 rats
  17 fungi
  5 plants
364 creatures vanquished.

Vanquished Creatures (collateral kills)
  An orc (D:10)
1 creature vanquished.

Vanquished Creatures (others)
  A worker ant zombie (D:8)
  A shadow imp (D:8)
  4 fungi (D:11)
  A plant (D:11)
7 creatures vanquished.

Grand Total: 372 creatures vanquished

Notes
Turn   | Place    | Note
--------------------------------------------------------------
     0 | D:1      | Meksivik the Gargoyle Fighter began the quest for the Orb.
     0 | D:1      | Reached XP level 1. HP: 14/14 MP: 1/1
    84 | D:1      | Reached XP level 2. HP: 12/19 MP: 2/2
   570 | D:1      | Reached skill level 4 in Armour
   703 | D:1      | Reached XP level 3. HP: 23/23 MP: 3/3
  1268 | D:2      | Noticed Terence
  1282 | D:2      | Killed Terence
  1282 | D:2      | Reached skill level 1 in Dodging
  1282 | D:2      | Reached XP level 4. HP: 20/28 MP: 0/4
  1538 | D:2      | Noticed Ijyb
  1546 | D:2      | Killed Ijyb
  1686 | D:2      | Reached XP level 5. HP: 32/32 MP: 1/5
  1857 | D:3      | Found a glowing drain.
  1870 | Sewer    | Entered a sewer
  1977 | Sewer    | Reached XP level 6. HP: 36/38 MP: 2/6
  1991 | Sewer    | Reached skill level 5 in Shields
  2073 | Sewer    | Reached skill level 1 in Axes
  2613 | D:3      | Noticed Crazy Yiuf
  2620 | D:3      | Killed Crazy Yiuf
  2673 | D:3      | You fall through a shaft for 2 floors!
  2673 | D:5      | Entered Level 5 of the Dungeon
  2685 | D:5      | Reached XP level 7. HP: 42/42 MP: 2/7
  2854 | D:5      | Noticed Blork the orc
  2865 | D:5      | Killed Blork the orc
  2943 | D:5      | Noticed Pikel
  2980 | D:5      | Killed Pikel
  2980 | D:5      | Reached skill level 5 in Fighting
  2980 | D:5      | Reached skill level 5 in Armour
  2980 | D:5      | Reached skill level 6 in Shields
  2980 | D:5      | Reached XP level 8. HP: 20/49 MP: 2/8
  3254 | D:5      | Found Wapa's General Store.
  3700 | D:6      | Found a sacrificial altar of Ru.
  3999 | D:6      | Noticed Sigmund
  4010 | D:6      | Killed Sigmund
  4197 | D:6      | Reached XP level 9. HP: 54/54 MP: 3/9
  4415 | D:7      | Reached skill level 7 in Shields
  4466 | D:7      | Identified 2 scrolls of acquirement
  4469 | D:7      | Got a pair of ichor-stained gloves
  4475 | D:7      | Identified the +2 pair of gloves of the Kettle-Drum {rC- MR+ Int+7 Slay+2} (You acquired it on level 7 of the Dungeon)
  5160 | D:7      | Reached skill level 1 in Stealth
  5408 | D:8      | Found an iron altar of Okawaru.
  5605 | D:8      | Found an opulent altar of Gozag.
  5842 | D:8      | Reached skill level 5 in Axes
  6038 | D:8      | Found a radiant altar of Vehumet.
  6240 | D:8      | Reached XP level 10. HP: 59/61 MP: 3/10
  6508 | D:9      | Reached skill level 8 in Shields
  7301 | D:10     | Entered Level 10 of the Dungeon
  7531 | D:10     | Reached skill level 5 in Dodging
  7658 | D:10     | Killed an unseen horror
  7658 | D:10     | Reached skill level 9 in Shields
  7955 | D:10     | Noticed a hill giant
  7973 | D:10     | Killed a hill giant
  8225 | D:10     | Reached XP level 11. HP: 61/68 MP: 3/11
  8525 | D:11     | Noticed platinum's ghost (journeyman HaHu)
  8538 | D:11     | Reached skill level 10 in Shields
  8546 | D:11     | Killed platinum's ghost
  8547 | D:11     | Found a staircase to the Lair.
  8570 | D:11     | Noticed GeneralIdiocy's ghost (journeyman VSAs)
  8599 | D:11     | Killed GeneralIdiocy's ghost
  8633 | Lair:1   | Entered Level 1 of the Lair of Beasts
  9360 | Lair:2   | Reached skill level 10 in Armour
  9463 | Lair:2   | Noticed Gastronok
  9503 | Lair:2   | Killed Gastronok
  9503 | Lair:2   | Reached skill level 11 in Shields
  9503 | Lair:2   | Reached XP level 12. HP: 26/76 MP: 4/12
 10149 | Lair:2   | Upgraded the game from 0.18-a0-776-g7a8d288 to 0.18-a0-801-gb01a236
 10835 | Lair:4   | Found a staircase to the Snake Pit.
 10896 | Snake:1  | Entered Level 1 of the Snake Pit
 11039 | Snake:1  | Noticed Donald
 11097 | Snake:1  | Killed Donald
 11502 | Snake:1  | Noticed a naga warrior
 11503 | Snake:1  | Noticed a naga warrior
 11511 | Snake:1  | Slain by a salamander

Vault maps used:
D:1:      minmay_arrival_hallway
D:2:      forest_paths, minmay_rat_gold_closets, uniq_terence, uniq_iyjb
D:3:      portal_sewer_entry_d, first_bread, kennysheep_pointless_box,
          uniq_crazy_yiuf_cottage
D:5:      serial_shops, shop, uniq_pikel, uniq_blork_the_orc
D:6:      overflow_temple_1_default, uniq_sigmund
D:8:      fiery_altar_vehumet, lemuel_coloured_pillars_altar,
          old_standard_altar, grunt_pizzeria
D:11:     grunt_lair_entry_elf_guard_hut
Lair:1:   serial_bayou_shore_b
Lair:2:   bh_autumn_forest_stairs, lemuel_fruit_tree, uniq_gastronok
Lair:3:   serial_bayou_pond_d, minivault_25, uniq_nergalle
Lair:4:   minmay_snake_entry_guardpost_small, special_room, serial_bayou_shore_a
Snake:1:  grunt_megastairs_5, uniq_donald
Sewer:    sewer_minmay_treatment

Action                   |  1- 3 |  4- 6 |  7- 9 | 10-12 || total
-------------------------+-------+-------+-------+-------++-------
Melee: Flail             |   123 |       |       |       ||   123
       Hand axe          |       |   168 |   323 |   702 ||  1193
       Demon trident     |       |       |       |    16 ||    16
  Use: Scroll            |     5 |    11 |    12 |     8 ||    36
       Potion            |       |       |     3 |     7 ||    10
  Eat: Bread ration      |     1 |       |       |     1 ||     2
       Chunk             |       |     1 |     6 |     8 ||    15
       Pizza             |       |       |     1 |     2 ||     3
       Meat ration       |       |       |     1 |     1 ||     2
